 Dungeon Crawl Stone Soup version 0.30-a0-341-g682706514a (webtiles) character file.

Game seed: 17761031955237612992

147 themarg the Trooper (level 5, -2/48 HPs)
             Began as a Hill Orc Fighter on Nov 5, 2022.
             Killed by divine providence
             ... invoked by an orc priest
              (12 damage)
             ... on level 3 of the Dungeon.
             The game lasted 00:04:25 (1783 turns).

themarg the Trooper (Hill Orc Fighter)              Turns: 1783, Time: 00:04:25

Health: -2/48      AC:  9    Str: 21    XL:     5   Next: 29%
Magic:  5/5        EV:  7    Int:  8    God:
Gold:   99         SH:  4    Dex: 10    Spells: 4/4 levels left

rFire   . . .      SeeInvis .    a - +0 rapier
rCold   . . .      Faith    .    c - +0 buckler
rNeg    . . .      Spirit   .    j - +0 chain mail
rPois   .          Reflect  .    (no helmet)
rElec   .          Harm     .    (no cloak)
rCorr   .          Rampage  .    (no gloves)
Will    .....                    (no boots)
Stlth   ..........               (no amulet)
HPRegen 0.28/turn                (no ring)
MPRegen 0.09/turn                (no ring)

@: no status effects
A: no striking features
a: Convert to Beogh


You were on level 3 of the Dungeon.
You visited 1 branch of the dungeon, and saw 3 of its levels.

You collected 99 gold pieces.

Inventory:

Hand Weapons
 a - a +0 rapier (weapon)
Missiles
 f - 21 stones (quivered)
 n - 3 poisoned darts
Armour
 c - a +0 buckler (worn)
 d - a +0 helmet
 j - a +0 chain mail (worn)
Jewellery
 k - a ring of magical power
Scrolls
 e - a scroll of butterflies {unknown}
 i - a scroll of enchant weapon {unknown}
 o - 4 scrolls of identify {unknown}
 p - a scroll of enchant armour {unknown}
 r - a scroll of blinking {unknown}
Potions
 b - a potion of attraction {unknown}
 g - a potion of resistance {unknown}
 h - 2 potions of degeneration {unknown}
 l - a potion of berserk rage {unknown}
 m - a potion of curing {unknown}
 q - a potion of cancellation {unknown}


   Skills:
 + Level 5.5 Fighting
 - Level 2.0 Short Blades
 - Level 3.2 Armour
 - Level 3.0 Stealth
 - Level 3.2 Shields


You had 4 spell levels left.
You didn't know any spells.
Your spell library contained the following spells:

 Spells                   Type           Power      Damage    Failure   Level
 Sting                    Tmut/Pois      0%         1d3       99%         1
 Cigotuvi's Dreadful Rot  Necr/Pois/Air  0%         N/A       100%        2
 Poisonous Vapours        Pois/Air       0%         N/A       100%        2
 Mephitic Cloud           Conj/Pois/Air  0%         N/A       100%        3
 Olgreb's Toxic Radiance  Pois           0%         N/A       100%        4


Dungeon Overview and Level Annotations

Branches:
Dungeon (3/15)

Altars:


Message History

You hit the orc but do no damage.
The orc is severely wounded.
The orc priest closely misses you. The orc hits you with a +0 flail.
You hit the orc.
The orc is almost dead.
The orc priest completely misses you. The orc hits you but does no damage.
You hit the orc.
You kill the orc!
The orc priest threatens, "By the altar or by the axe, you will meet Beogh!"
The orc priest hits you but does no damage. x2
Training target 3.0 for Stealth reached!
Your Stealth skill increases to level 3!
The orc priest shouts, "Beogh is our master!
Accept the truth or die!"
The orc priest hits you with a +0 trident.
Items here: )) [[ †.
You barely miss the orc priest.
The orc priest threatens, "By the altar or by the axe, you will meet Beogh!"
The orc priest shouts, "Join the one true god or die!"
The orc priest hits you with a +0 trident.
You hit the orc priest but do no damage.
The orc priest begins to cast a cantrip, but forgets the words!
You hit the orc priest.
The orc priest is moderately wounded.
The orc priest hits you with a +0 trident.
You hit the orc priest but do no damage.
The orc priest is moderately wounded.
The orc priest shouts, "Beogh is our master!
Accept the truth or die!"
The orc priest hits you with a +0 trident.
You hit the orc priest but do no damage.
The orc priest shouts, "Surrender to Beogh and we'll let you live!"
The orc priest is moderately wounded.
The orc priest invokes the aid of Beogh against you.
Beogh smites you!
* * * LOW HITPOINT WARNING * * *
The orc priest shouts, "Beogh is our master!
Accept the truth or die!"
You hit the orc priest.
The orc priest is severely wounded.
The orc priest mumbles some strange prayers to Beogh against you.
Beogh smites you!
You die...

#<.###.......
#####..........#
...........†###.#
######..##...##.##
#.............
##.##.#.##.###
#.#.###.# #
..##.#.## #####@##
#o# .o. .#.##
..#.# #. #.# ##
#.. ###


You could see an orc priest and an orc.

Vanquished Creatures
  Natasha (D:3)
  Robin (D:2)
  5 adders (D:2)
  A worm (D:2)
  2 orcs (D:3)
  4 endoplasms
  A giant cockroach (D:2)
  13 goblins
  7 hobgoblins
  3 jackals (D:1)
  4 quokkas
  4 ball pythons
  4 bats
  4 frilled lizards
  3 kobolds
  4 rats
61 creatures vanquished.

Notes
Turn   | Place    | Note
-------+----------+-------------------------------------------
     0 | D:1      | themarg the Hill Orc Fighter began the quest for the Orb.
     0 | D:1      | Reached XP level 1. HP: 19/19 MP: 1/1
    44 | D:1      | Reached XP level 2. HP: 27/27 MP: 2/2
    63 | D:1      | Reached skill level 4 in Fighting
    63 | D:1      | Reached skill level 1 in Stealth
   544 | D:1      | Reached XP level 3. HP: 29/34 MP: 3/3
   979 | D:2      | Reached XP level 4. HP: 21/41 MP: 4/4
  1112 | D:2      | Reached skill level 5 in Fighting
  1253 | D:2      | Noticed Robin
  1282 | D:2      | Killed Robin
  1423 | D:2      | Reached XP level 5. HP: 48/48 MP: 5/5
  1682 | D:3      | Noticed Natasha
  1701 | D:3      | Killed Natasha
  1783 | D:3      | Killed from afar by an orc priest

Illustrated notes

Levels and vault maps discovered:
D:1:      scummos_arrival_gate, layout_basic
D:2:      layout_rooms, minmay_tiny_reverse_x, uniq_robin
D:3:      layout_loops_ring, uniq_natasha, uniq_terence, uniq_jessica

Skill      XL: |  1  2  3  4  5 |
---------------+----------------+-----
Fighting       | 4 5 |  5.5
Stealth        | 1 2 3 |  3.0
Short Blades   | |  2.0
Armour         | |  3.2
Shields        | |  3.2

Action                   |  1- 3 |  4- 6 || total
-------------------------+-------+-------++-------
Melee: Rapier            |   132 |   125 ||   257
  Use: Potion            |       |     1 ||     1
Armor: Scale mail        |    34 |       ||    34
       Chain mail        |    36 |    61 ||    97
Dodge: Dodged            |    47 |    35 ||    82
Block: Buckler           |    26 |    25 ||    51

Table legend: (Time is in decaauts)
 A = Elapsed time spent in this place.
 B = Non-inter-level travel time spent in this place.
 C = Inter-level travel time spent in this place.
 D = Time resting spent in this place.
 E = Time spent auto-exploring this place.
 F = Levels seen in this place.
 G = Mean time per level.
                   A        B        C        D        E       F      G
               +--------+--------+--------+--------+--------+-----+--------+
         Total |   1820 |   1687 |    133 |    236 |    985 |   3 |  606.7 |
       Dungeon |   1820 |   1687 |    133 |    236 |    985 |   3 |  606.7 |
               +--------+--------+--------+--------+--------+-----+--------+

Top non-repeatable levels by time:
     D:2: 942 daAuts
     D:1: 798 daAuts
     D:3: 79 daAuts
